 Dungeon Crawl Stone Soup version 0.20.1-1-g8b1a95d (webtiles) character file.

259 Lanoc the Firebug (level 6, -5/32 HPs)
             Began as a Kobold Fire Elementalist on Dec 12, 2017.
             Slain by an orc warrior
             ... wielding a +0 long sword
              (14 damage)
             ... on level 3 of the Dungeon.
             The game lasted 00:14:19 (2212 turns).

Lanoc the Firebug (Kobold Fire Elementalist)        Turns: 2212, Time: 00:14:19

Health: -5/32      AC:  3    Str:  6    XL:     6   Next: 40%
Magic:  7/10       EV: 16    Int: 18    God:
Gold:   139        SH:  0    Dex: 15    Spells: 4/11 levels left

rFire    + . .     SeeInvis .   (weapon restricted)
rCold    . . .     Gourm    .   (shield restricted)
rNeg     . . .     Faith    .   a - +0 robe
rPois    .         Spirit   .   u - +0 helmet
rElec    .         Reflect  .   (no cloak)
rCorr    .         Harm     .   (no gloves)
MR       +....                  (no boots)
Stlth    ++........             r - amulet of regeneration
Regen    0.5/turn               j - ring of protection from fire
MPRegen  0.2/turn               q - ring of protection from magic

@: lethally poisoned (-5 -> -6), very slightly contaminated, hasted, very quick
A: carnivore 3
a: no special abilities


You were on level 3 of the Dungeon.
You were completely stuffed.

You visited 1 branch of the dungeon, and saw 3 of its levels.

You collected 139 gold pieces.

Inventory:

Armour
 a - a +0 robe (worn)
 u - a +0 helmet (worn)
Jewellery
 j - a ring of protection from fire (left hand)
 l - a +3 ring of slaying
 q - a ring of protection from magic (right hand)
 r - an amulet of regeneration (around neck)
Scrolls
 d - a scroll of amnesia {unknown}
 f - a scroll of random uselessness {unknown}
 g - 2 scrolls of remove curse {unknown}
 i - a scroll of noise {unknown}
 m - 2 scrolls of teleportation {unknown}
 n - a scroll of identify {unknown}
Potions
 e - a potion of heal wounds
 o - a potion of ambrosia
 s - a potion of flight {unknown}
 t - 2 potions of lignification {unknown}
 v - a potion of degeneration {unknown}
Books
 b - a book of Flames

   Spells                             Type                      Level
   a - Flame Tongue                   Conjuration/Fire             1
   b - Throw Flame                    Conjuration/Fire             2
   c - Conjure Flame                  Conjuration/Fire             3
   d - Inner Flame                    Hexes/Fire                   3
   e - Sticky Flame                   Conjuration/Fire             4
   f - Fireball                       Conjuration/Fire             5
Comestibles
 c - a meat ration
 h - a royal jelly


   Skills:
 + Level 3.9 Dodging
 - Level 2.6 Stealth
 + Level 3.0 Spellcasting
 * Level 3.4 Conjurations
 * Level 4.6 Fire Magic


You had 4 spell levels left.
You knew the following spells:

 Your Spells              Type           Power        Failure   Level  Hunger
a - Flame Tongue          Conj/Fire      ###..        3%          1    None
b - Throw Flame           Conj/Fire      ###...       4%          2    ##.....
c - Sticky Flame          Conj/Fire      ###.....     30%         4    ####...


Dungeon Overview and Level Annotations

Branches:
Dungeon (3/15)

Altars:

Annotations:
D:3 Natasha


Innate Abilities, Weirdness & Mutations

You are small and have problems with some larger weapons.
You are carnivorous and can eat meat at any time.


Message History

Confirm with . or Enter, or press ? or * to list all spells.
Aiming: Flame Tongue
Press: ? - help, Shift-Dir - straight line, f/p - orc warrior
Aim: an orc warrior, wielding a long sword and wearing a plate armour (almost dead)
The flame tongue misses the orc warrior.
The orc wizard gestures at you while chanting.
The magic dart hits you!
* * * LOW HITPOINT WARNING * * *
The orc wizard casts a spell at you. You resist with almost no effort.
Casting: Flame Tongue
Confirm with . or Enter, or press ? or * to list all spells.
Aiming: Flame Tongue
Press: ? - help, Shift-Dir - straight line, f/p - orc warrior
Aim: an orc warrior, wielding a long sword and wearing a plate armour (almost dead)
You miscast Flame Tongue.
You are very lightly contaminated with residual magic.
Nothing appears to happen.
The orc warrior hits you with a long sword!
You die...

#.. #.#####.#####..# ....
###.##...###........# ....
#.........##..##..# ....
#######...##..# .# ....
###..#..#..# .... #..<.....#
# # #.#..##..### ##
#..........###### ##.
##..#@.###...... ##.#
#..)#o#####..# ###...
##.#..o..##..[####.'...
##...........#.#....#...
#...##..#..###.....###.#
##########..###.##....###...#
##. .)..#.......###.###...#
#...#####
###)..##.#####...##...#
#.o.....# #.......#
#......#####........


You could see an orc warrior and an orc wizard.

Vanquished Creatures
  Sigmund (D:3)
  An orc wizard (D:3)
  3 adders (D:3)
  An ooze (D:2)
  2 worms (D:2)
  3 leopard geckos (D:2)
  4 bats
  2 goblins (D:2)
  7 hobgoblins
  6 jackals (D:2)
  2 kobolds
  A ball python (D:1)
  3 frilled lizards
  4 rats
40 creatures vanquished.

Notes
Turn   | Place    | Note
-------+----------+-------------------------------------------
     0 | D:1      | Lanoc the Kobold Fire Elementalist began the quest for the Orb.
     0 | D:1      | Reached XP level 1. HP: 10/10 MP: 3/3
   677 | D:2      | Reached XP level 2. HP: 15/15 MP: 3/5
   867 | D:2      | Learned a level 2 spell: Throw Flame
   908 | D:2      | Reached XP level 3. HP: 12/19 MP: 0/6
  1620 | D:3      | Reached XP level 4. HP: 24/24 MP: 4/7
  1626 | D:3      | Learned a level 4 spell: Sticky Flame
  1697 | D:3      | Noticed Sigmund
  1720 | D:3      | Killed Sigmund
  1720 | D:3      | Reached skill level 4 in Fire Magic
  1720 | D:3      | Reached XP level 5. HP: 22/28 MP: 0/9
  1720 | D:3      | Reached XP level 6. HP: 25/32 MP: 0/10
  1992 | D:3      | Noticed an orc warrior
  2069 | D:3      | Noticed Natasha
  2212 | D:3      | Slain by an orc warrior

Skill      XL: |  1  2  3  4  5  6 |
---------------+-------------------+-----
Conjurations   | 2 3 |  3.4
Dodging        | 3 |  3.9
Fire Magic     | 4 |  4.6
Spellcasting   | 3 |  3.0
Stealth        | |  2.6

Action                   |  1- 3 |  4- 6 || total
-------------------------+-------+-------++-------
Melee: Unarmed           |    16 |     1 ||    17
 Cast: Flame Tongue      |    54 |    32 ||    86
       Throw Flame       |     2 |       ||     2
       Sticky Flame      |       |     4 ||     4
  Use: Potion            |       |     3 ||     3
  Eat: Chunk             |    11 |     3 ||    14
Armor: Robe              |     5 |    11 ||    16
Dodge: Dodged            |    14 |    29 ||    43
